AoeStats
← zamithdaniel

Black Forest

509099177Analyzed
3v3 RM · 8d ago on Sep 25, 2026· 49m 15s· 6 players
Game mode
Random Map
Map size
Normal (6 player)
Population
200
Speed
Normal
Resources
Standard
Victory
Conquest
Starting age
Dark Age
Ending age
Imperial Age
RankedLock teamsTeams togetherTeam positionsShared explorationLock speedFull tech treeHidden civsTurbo modeCheats
Victory
Defeat
🇪🇸 Koreans · Spain
992
+16
🇨🇴 Turks · Colombia
955
+18
🇦🇷 Khmer · Argentina
949
+18
🇪🇸 Japanese · Spain
1007
-18
🇦🇺 Aztecs · Australia
987
-17
🇩🇪 Varangians · Germany
982
-17
zamithdaniel
8:25 Loom
12:49 Feudal Age
19:14 Castle Age
18:48 Double-Bit Axe
18:47 Horse Collar
30:55 Gold Mining
30:57 Stone Mining
34:24 Imperial Age
33:04 Gold Shaft Mining
33:18 Wheelbarrow
32:29 Town Watch
33:36 Fortified Wall
33:47 Ballistics
34:48 Heavy Plow
35:02 Bow Saw
35:31 Hand Cart
38:36 Padded Archer Armor
38:47 Forging
38:43 Scale Barding Armor
39:30 Husbandry
39:42 Bloodlines
41:14 Conscription
40:55 Artillery
40:32 Elite Janissary
41:30 Leather Archer Armor
41:51 Iron Casting
41:37 Chain Barding Armor
41:38 Elite Janissary
43:37 Ring Archer Armor
45:07 Blast Furnace
47:01 Plate Barding Armor
CalaveraDelCid
0:40 Loom
10:46 Feudal Age
15:58 Castle Age
20:27 Horse Collar
22:08 Double-Bit Axe
25:19 Town Watch
26:10 Wheelbarrow
26:52 Bow Saw
32:26 Imperial Age
30:17 Fletching
31:22 Hand Cart
31:51 Ballistics
32:27 Heavy Plow
32:27 Bodkin Arrow
34:16 Chemistry
34:24 Two-Man Saw
33:21 Gold Mining
34:20 Caravan
36:52 Bracer
36:56 Town Patrol
37:10 Masonry
39:13 Architecture
39:11 Forging
39:02 Scale Mail Armor
39:07 Scale Barding Armor
39:06 Elite War Wagon
40:06 Conscription
39:48 Eupseong
43:33 Shinkichon
Ramonx33
1:36 Loom
10:54 Feudal Age
15:36 Double-Bit Axe
16:29 Double-Bit Axe
17:08 Horse Collar
20:00 Castle Age
19:01 Stone Mining
19:32 Horse Collar
20:42 Fletching
21:26 Town Watch
24:01 Wheelbarrow
27:49 Ballistics
27:48 Bodkin Arrow
33:00 Padded Archer Armor
33:35 Bloodlines
33:36 Careening
33:40 Fortified Wall
36:57 Imperial Age
35:02 Leather Archer Armor
34:58 Forging
34:49 Scale Mail Armor
34:54 Scale Barding Armor
35:30 Murder Holes
35:47 Masonry
36:12 Hand Cart
36:22 Tusk Swords
37:46 Bracer
38:54 Chemistry
38:16 Gold Mining
38:18 Onager
40:09 Husbandry
41:05 Conscription
41:32 Light Cavalry
42:21 Scale Barding Armor
43:40 Chain Barding Armor
43:43 Bracer
44:28 Hussar
46:15 Town Patrol
45:38 Elite Ballista Elephant
47:15 Architecture
46:09 Cavalier
47:27 Plate Barding Armor
likkus
0:45 Loom
12:10 Feudal Age
12:40 Double-Bit Axe
18:50 Castle Age
19:00 Wheelbarrow
21:24 Hand Cart
22:05 Bow Saw
24:59 Town Watch
28:09 Horse Collar
29:58 Heavy Plow
32:48 Imperial Age
31:44 Scale Mail Armor
31:54 Forging
31:35 Fletching
31:50 Scale Barding Armor
31:57 Murder Holes
32:58 Ballistics
32:50 Fortified Wall
35:16 Two-Man Saw
35:34 Chemistry
35:17 Siege Engineers
35:33 Husbandry
36:45 Conscription
37:33 Onager
41:46 Cavalier
43:59 Kataparuto
49:00 Elite Samurai
Apex_predator
1:07 Loom
17:19 Feudal Age
Hehler
0:28 Loom
13:11 Feudal Age
17:38 Castle Age
28:41 Double-Bit Axe
33:21 Imperial Age
37:32 Elite Varangian Guard
38:16 Squires
39:12 Forging
39:03 Scale Mail Armor
41:17 Iron Casting
41:20 Chain Mail Armor
43:28 Fortified Wall
43:03 Pikeman
45:38 Blast Furnace
49:08 Plate Mail Armor
Connection lost

Rejoining the realm…

Still unreachable

The connection could not be restored.

Session expired

The server has moved on; the page needs a fresh start.